 Dungeon Crawl Stone Soup version 0.17-b1-15-g0f5fb43 (webtiles) character file.

636152 4thArraOfDagon the Warrior (level 26, -29/151 HPs)
             Began as a Vine Stalker Berserker on Nov 2, 2015.
             Was the Champion of Trog.
             Annihilated by Cerebov
             ... wielding the +6 Sword of Cerebov {flame}
              (45 damage)
             ... in Pandemonium on Nov 3, 2015.
             The game lasted 03:01:54 (20017 turns).

4thArraOfDagon the Warrior (VSBe)                  Turns: 20017, Time: 03:01:54

Health: -29/151    AC: 27    Str: 35    XL:     26   Next: 22%
Magic:  0/25       EV: 23    Int:  9    God:    Trog [******]
Gold:   465        SH: 18    Dex: 21    Spells: 0 memorised, 25 levels left

rFire  + + .     SeeInvis +     Z - +8 mithril axe "Arga" {speed, MR+ Str+2}
rCold  + + .     Clarity  .     w - +2 plate armour {rC+}
rNeg   + . .     SustAt   .     y - +2 shield {reflect}
rPois  +         Gourm    .     G - +2 hat {SInv}
rElec  +         Spirit   +     S - +0 cloak of the Spheres {rElec rPois MR- Int+3}
rCorr  +         Warding  +     H - +2 pair of gloves
rMut   .         Stasis   .     U - +2 pair of boots
MR     +++++                    t - amulet of the Suburbs {Ward rF+ rN+}
Stlth  ..........               a - ring of protection from fire
                                k - ring "Hataly" {+Fly Int-2 Dex+6 Slay+6}

@: mighty, resistant, fire vulnerable, very slightly contaminated, regenerating,
hasted, very quick, almost entirely resistant to hostile enchantments, extremely
unstealthy
A: fangs 3, hooves 1, deformed body, dopey 1, low mp 1, regeneration 3,
screaming 1, magic shield, antimagic bite, no device heal 3, rot immunity
a: Berserk, Trog's Hand, Brothers in Arms, Burn Spellbooks, Renounce Religion,
Evoke Flight
}: 7/15 runes: decaying, slimy, silver, golden, abyssal, demonic, gossamer


You were in Pandemonium.
You worshipped Trog.
Trog was exalted by your worship.
You were not hungry.

You visited 10 branches of the dungeon, and saw 55 of its levels.
You visited Pandemonium 2 times, and saw 23 of its levels.
You visited the Abyss 1 time.
You also visited: Ossuary and Volcano.

You collected 5162 gold pieces.
You spent 4697 gold pieces at shops.

Inventory:

Hand Weapons
 E - the +14 obsidian axe {chop, +Fly Str+3 SInv *Curse}
   (Trog gifted it to you on level 5 of the Vaults)

   It inflicts extra damage upon your enemies.
   It affects your strength (+3).
   It lets you see invisible.
   It lets you fly.
   It may re-curse itself when equipped.
 J - a +5 broad axe of flaming
 Z - the +8 mithril axe "Arga" (weapon) {speed, MR+ Str+2}
   (You bought it in a shop on level 5 of the Dungeon)

   Attacks with this weapon are significantly faster.
   It affects your strength (+2).
   It affects your resistance to hostile enchantments.
Missiles
 u - 3 throwing nets (quivered)
Armour
 w - a +2 plate armour of cold resistance (worn)
 y - a +2 shield of reflection (worn)
 G - a +2 hat of see invisible (worn)
 H - a +2 pair of gloves (worn)
 N - a +1 plate armour of fire resistance
 S - the +0 cloak of the Spheres (worn) {rElec rPois MR- Int+3}
   (You acquired it in Pandemonium)

   It affects your intelligence (+3).
   It insulates you from electricity.
   It protects you from poison.
   It affects your resistance to hostile enchantments.
 U - a +2 pair of boots (worn)
Rods
 x - a +2 lightning rod (13/13)
   (You found it on level 14 of the Dungeon)
Jewellery
 a - a ring of protection from fire (right hand)
 k - the ring "Hataly" (left hand) {+Fly Int-2 Dex+6 Slay+6}
   (You bought it in a shop on level 8 of the Dungeon)

   [ring of flight]

   It affects your intelligence (-2).
   It affects your dexterity (+6).
   It affects your accuracy and damage with ranged weapons and melee attacks
   (+6).
   It lets you fly.
 p - an uncursed amulet of resist mutation
 s - the ring of the Mage {Wiz MR++ Int+3}
   (You found it on level 6 of the Pits of Slime)

   [ring of wizardry]

   It improves your spell success rate.
   It affects your intelligence (+3).
   It affects your resistance to hostile enchantments.
 t - the amulet of the Suburbs (around neck) {Ward rF+ rN+}
   (You found it on level 3 of the Crypt)

   [amulet of warding]

   It may prevent the melee attacks of summoned creatures.
   It protects you from fire.
   It protects you from negative energy.
 z - the amulet "Enoj Qek" {rCorr rN+ Str+2 Dex+4 Slay+3}
   (You bought it in a shop on level 8 of the Dungeon)

   [amulet of resist corrosion]

   It protects you from acid and corrosion.
   It affects your strength (+2).
   It affects your dexterity (+4).
   It affects your accuracy and damage with ranged weapons and melee attacks
   (+3).
   It protects you from negative energy.
 L - an uncursed ring of poison resistance
 M - an uncursed amulet of regeneration
 P - the ring "Gewaidd" {rC+ rN+ Dex+3 Slay+2}
   (You found it on level 3 of the Crypt)

   [ring of positive energy]

   It affects your dexterity (+3).
   It affects your accuracy and damage with ranged weapons and melee attacks
   (+2).
   It protects you from cold.
   It protects you from negative energy.
 Q - an uncursed ring of positive energy
 R - an uncursed ring of protection from cold
Wands
 b - a wand of hasting (4)
 h - a wand of teleportation (3)
 l - a wand of digging (12)
Scrolls
 e - 5 scrolls of remove curse
 j - a scroll of summoning
 m - 10 scrolls of fog
 F - 5 scrolls of blinking
 T - 2 scrolls of teleportation
 V - 4 scrolls of recharging
 W - 2 scrolls of magic mapping
Potions
 f - 6 potions of might
 g - 6 potions of magic
 i - 4 potions of flight
 n - 5 potions of lignification
 o - 3 potions of cancellation
 q - 11 potions of curing
 r - 4 potions of invisibility
 v - 5 potions of ambrosia
 C - 2 potions of agility
 D - 2 potions of haste
 I - a potion of resistance
 O - 6 potions of brilliance
Miscellaneous
 d - a legendary deck of changes {the Alchemist}
 A - 4 phantom mirrors
 K - a fan of gales
 X - a phial of floods
Comestibles
 c - 17 bread rations
 B - 19 meat rations


   Skills:
 + Level 19.9 Fighting
 - Level 18.0 Axes
 + Level 19.8 Armour
 + Level 17.3 Dodging
 - Level 15.0 Shields
 - Level 6.1 Evocations


You had 25 spell levels left.
You didn't know any spells.

Dungeon Overview and Level Annotations

Branches:
Dungeon (15/15)              Lair (8/8) D:9           Swamp (4/4) Lair:3
 Spider (4/4) Lair:4        Slime (6/6) Lair:6          Orc (4/4) D:11
    Elf (0/3) Orc:3        Vaults (5/5) D:14          Crypt (3/3) Vaults:2
   Tomb (3/3) Crypt:3      Depths (3/5) D:15
 Temple: D:4-7

Altars:
Ashenzari
Dithmenos
Gozag
Makhleb
Ru
Sif Muna
Trog
Xom
Yredelemnul
Zin
The Shining One
Beogh

Shops:
D:5 (   D:8 =   Orc:1 :   Vaults:3 [[*   Vaults:5 [%?%!%!}}?%

Portals:
Hell: Lair:8 Depths:2 Depths:3
Pandemonium: Depths:3

Annotations:
Lair:5 SNAKE?
Crypt:2 Jory
Pan Cerebov


Innate Abilities, Weirdness & Mutations

You have razor-sharp teeth.
You regenerate.
When hurt, damage is shared between your health and your magic reserves.
Your bite disrupts and absorbs the magic of your enemies.
Potions and wands cannot restore your health.
You are immune to rotting.
You have large cloven feet.
Armour fits poorly on your strangely shaped body.
You are dopey. (Int -2)
Your magical capacity is low (-10% MP).
You occasionally shout uncontrollably at your foes.


Message History

Cerebov burns you.
* * * LOW HITPOINT WARNING * * *
Unknown command.
Unknown command.
You slice the balrug!! Your bite misses the balrug.
The balrug is heavily wounded.
You hit Cerebov but do no damage.
Cerebov is heavily wounded.
The balrug gestures at you. Something smites you!
* * * LOW HITPOINT WARNING * * *
Unknown command.
Unknown command.
You open the balrug like a pillowcase!!!
You kill the balrug!
Trog accepts your kill.
You slice Cerebov!!
Cerebov is severely wounded.
Cerebov hits you with a great serpentine sword {flame}!!!
You die...

...).))#.#.......#
.#.#.#.....#.#.#.#
.......).........#
.#..)..........#.#
^....)...........# .&.#.#
.#.............#.#### .....##
..............ยง.2'&.# .......
.#.............#&#..# .......
............4..)@#..# .....
.#.............#.#&.# .22#
.................#..# ##'''##
.#.#.#.....#.#.#.#..#####.....##
.......#.#.......#.....2.2.......
####+###.###+####################


You could see Cerebov, a balrug and a red devil.

Vanquished Creatures
  the royal jelly (Slime:6)
  Dissolution (Slime:3)
  4 ancient liches
  Mennas (Depths:3)
  10 greater mummies
  Boris (Tomb:1)
  5 pandemonium lords (Pan)
  Frederick (Tomb:3)
  Saint Roka (Depths:3)
  A bone dragon (Abyss:5)
  4 liches
  An Ice Fiend (Pan)
  3 tentacled monstrosities (Vaults:5)
  2 Hell Sentinels (Pan)
  A quicksilver dragon (Vaults:5)
  An eldritch tentacle (Abyss:5)
  5 Shadow Fiends (Pan)
  5 Executioners (Pan)
  12 acid blobs
  3 titans
  A kraken (Abyss:5)
  6 sphinxes
  2 ancient champions
  Frances (D:13)
  6 tentacled starspawn
  7 tengu reavers
  Kirke (Swamp:4)
  3 shadow dragons (Vaults:5)
  11 fire giants
  3 storm dragons
  3 revenants
  5 azure jellies
  12 vault wardens
  Donald (Spider:2)
  A draconian knight (Abyss:5)
  4 frost giants
  Aizul (Swamp:4)
  A curse skull (Crypt:3)
  8 cacodemons
  4 ghost moths (Spider:4)
  4 emperor scorpions
  5 very ugly things
  14 balrugs (Pan)
  A ghoul (Crypt:1)
  3 spriggan defenders (Depths:3)
  7 warmongers (Pan)
  7 ironheart preservers
  3 war gargoyles (Vaults:5)
  5 stone giants
  2 reapers (Pan)
  3 lorocyprocas (Pan)
  4 bennus
  2 deep elf demonologists
  An ophan (Abyss:5)
  3 deep elf annihilators
  2 salamander stormcallers (Vaults:2)
  3 chaos champions (Pan)
  A vampire knight (Crypt:1)
  A blood saint (Pan)
  5 corrupters (Pan)
  3 black suns (Pan)
  9 eidola
  4 blizzard demons (Pan)
  Snorg (Lair:8)
  A quicksilver dragon zombie (Tomb:1)
  18 mummy priests
  A deep elf death mage (Vaults:4)
  3 death oozes (Slime:6)
  2 jiangshi
  2 deep elf high priests
  5 green deaths
  6 ettins
  A fire dragon (Depths:3)
  37 vault guards
  5 great orbs of eyes
  2 rakshasas (Abyss:5)
  6 yaktaur captains
  Erolcha (D:12)
  2 ice dragons (Depths:3)
  2 entropy weavers
  A ghost crab (Swamp:4)
  14 hydras
  2 hell beasts (Pan)
  6 monstrous demonspawn (Pan)
  A catoblepas (Vaults:2)
  A centaur warrior (Vaults:4)
  7 ogre magi
  2 death knights (Vaults:2)
  An anaconda (Lair:5)
  Erica (Orc:1)
  5 death yaks (Lair:8)
  5 deep troll shamans (Depths:3)
  5 deep troll earth magi
  A vampire mage (Crypt:1)
  9 thrashing horrors
  2 tengu warriors (D:15)
  2 titan zombies
  A spriggan (Depths:3)
  5 hell hogs (Abyss:5)
  An alligator (Swamp:4)
  A spriggan berserker (Depths:3)
  A storm dragon zombie (Crypt:3)
  A hell knight (D:15)
  7 soul eaters
  10 sun demons
  11 wretched stars
  An iron troll (Depths:3)
  21 death scarabs
  3 deep elf knights
  14 spatial maelstroms (Abyss:5)
  10 ice devils
  A shadow wraith (Vaults:4)
  5 skeletal warriors
  15 deep trolls
  An unseen horror (D:14)
  3 giant orange brains
  4 shadow demons
  5 infernal demonspawn (Pan)
  A deep elf summoner (Vaults:4)
  2 golden dragon zombies (Crypt:3)
  2 flayed ghosts
  A quicksilver dragon simulacrum (Abyss:5)
  15 phantasmal warriors
  2 lindwurms
  8 swamp dragons (Swamp:4)
  7 harpies
  2 putrid demonspawn (Pan)
  A ghost moth zombie (Crypt:3)
  15 anubis guards
  Pikel (D:5)
  A hill giant (D:12)
  13 ironbrand convokers
  4 torturous demonspawn (Pan)
  3 wizards
  An anaconda skeleton (Crypt:2)
  3 necromancers
  4 orc knights
  A griffon (Vaults:2)
  A lindwurm (shapeshifter) (Vaults:3)
  5 orb spiders (Spider:4)
  11 ugly things
  4 hornets
  14 wolf spiders
  A worldbinder (Abyss:4)
  20 sixfirhies
  3 wolf spider zombies
  A stone giant zombie (Crypt:3)
  2 cyclopes
  2 shining eyes
  5 orc sorcerers
  A mana viper (Abyss:5)
  A salamander (shapeshifter) (Abyss:5)
  9 black mambas
  A black mamba (shapeshifter) (Vaults:2)
  4 rust devils (Pan)
  3 guardian serpents
  An elephant (shapeshifter) (Vaults:2)
  A toenail golem (Pan)
  9 elephants
  A manticore (Volcano)
  2 apocalypse crabs
  14 vault sentinels
  2 eyes of devastation
  2 gargoyles
  14 orange demons
  7 spiny frogs
  A storm dragon simulacrum (Abyss:3)
  16 smoke demons
  A yaktaur (shapeshifter) (Vaults:2)
  A komodo dragon (shapeshifter) (Vaults:4)
  A fire drake (shapeshifter) (Vaults:2)
  6 tormentors (Pan)
  A catoblepas zombie (Crypt:3)
  An emperor scorpion zombie (Crypt:3)
  14 hellwings
  41 guardian mummies
  8 ancient zymes
  7 trolls
  4 komodo dragons
  10 demonic crawlers
  A kobold demonologist (Vaults:3)
  25 yaktaurs
  A queen bee (shapeshifter) (Vaults:4)
  5 hellions
  2 efreet (Abyss:5)
  A hydra zombie (Crypt:3)
  6 fire drakes
  2 deep elf priests
  A tengu conjurer (D:15)
  3 polar bears
  2 harpy zombies (Crypt:3)
  23 two-headed ogres
  11 red devils
  15 jumping spiders
  9 freezing wraiths
  5 blue devils
  8 raiju (Abyss:5)
  A jumping spider (shapeshifter) (Vaults:5)
  10 ushabtiu
  5 small abominations
  68 slime creatures
  A raiju (shapeshifter) (Vaults:3)
  2 boulder beetles
  An ettin zombie (Crypt:3)
  11 bog bodies
  2 ice dragon zombies (Crypt:3)
  11 blink frogs
  8 wraiths
  A shadow (Swamp:4)
  2 water elementals (D:14)
  14 ynoxinuls
  2 blink frogs (shapeshifter)
  30 redbacks
  12 flying skulls
  2 black mamba zombies
  A basilisk (D:15)
  27 yaks
  A hog (shapeshifter) (D:14)
  11 trapdoor spiders
  3 hogs (Swamp:4)
  A tarantella (shapeshifter) (Vaults:3)
  17 large abominations
  14 tarantellas
  8 chaos spawn
  2 deep elf fighters (Vaults:4)
  8 hippogriffs
  2 fire bats (Abyss:5)
  7 golden eyes
  9 spatial vortices (Abyss:5)
  19 neqoxecs
  14 vampire mosquitoes
  10 swamp worms
  3 insubstantial wisps (Swamp:1)
  A wolf (D:10)
  A steam dragon (D:8)
  7 wargs
  3 mottled dragons
  20 orc warriors
  2 hell hounds
  13 water moccasins
  5 porcupines
  3 ice beasts
  39 spiders
  A black bear (D:7)
  29 ogres
  A spiny frog skeleton (Abyss:5)
  A phantom (D:4)
  A boggart (Abyss:5)
  A manticore zombie (Crypt:3)
  A necrophage (Crypt:2)
  9 swamp drakes
  3 eyes of draining
  4 wasps
  A swamp dragon skeleton (Tomb:3)
  3 centaurs
  A brain worm (Abyss:1)
  7 giant frogs
  An elephant skeleton (Crypt:2)
  9 crocodiles
  Blork the orc (D:4)
  A glowing shapeshifter simulacrum (Vaults:3)
  A wyvern skeleton (Crypt:3)
  A spiny frog simulacrum (Abyss:5)
  13 killer bees
  8 electric eels
  A quasit (D:8)
  A crimson imp (D:11)
  11 jellies
  34 starcursed masses
  An iron imp (Abyss:2)
  2 hounds (D:8)
  3 centaur skeletons
  An iguana (D:9)
  20 orc priests
  25 orc wizards
  5 worker ants
  4 sheep
  2 big kobold zombies (Ossuary)
  2 hound zombies
  43 mummies
  A worker ant zombie (D:5)
  A swamp drake zombie (Crypt:2)
  4 shadow imps
  15 river rats
  4 white imps
  A giant eyeball (Vaults:2)
  An ufetubus (Abyss:2)
  A giant gecko (D:3)
  120 orcs
  3 giant cockroaches
  2 gnoll zombies
  3 goblins
  A hobgoblin (D:3)
  5 jackals
  A quokka (D:8)
  A ball python (D:8)
  8 bats
  A giant gecko skeleton (D:4)
  A giant newt (D:6)
  2 hobgoblin zombies (Ossuary)
  A jackal skeleton (D:4)
  A jackal zombie (D:4)
  3 kobolds
  2 kobold zombies (Ossuary)
  An orc zombie (Ossuary)
  A rat (Crypt:2)
  A rat zombie (D:4)
  A butterfly (Lair:8)
  7 fungi
  A lost soul (Crypt:3)
  2 lurking horrors (Abyss:5)
  2 plants (Lair:5)
  8 starspawn tentacles
  4 tentacles (Abyss:5)
  A tentacle segment (Abyss:5)
1876 creatures vanquished.

Vanquished Creatures (collateral kills)
  Mara (Swamp:4)
  Maud (D:10)
  An iron dragon (Vaults:5)
  4 ironheart preservers (Vaults:5)
  A war gargoyle (Vaults:5)
  A mummy priest (Tomb:1)
  A hydra (Swamp:4)
  An ogre mage (Vaults:5)
  2 death oozes (Slime:6)
  A death yak (Lair:8)
  A deep troll (Depths:3)
  A hill giant (D:10)
  2 orb spiders (Spider:4)
  3 elephants (Lair:8)
  A vault sentinel (Vaults:5)
  A kobold demonologist (D:10)
  A guardian mummy (Tomb:3)
  2 slime creatures (Slime:6)
  A blink frog (Lair:8)
  A bog body (Swamp:4)
  2 hogs (Swamp:4)
  2 tarantellas (Spider:4)
  3 trapdoor spiders (Spider:4)
  2 yaks (Lair:8)
  An eye of draining (Slime:6)
  A wasp (D:10)
  2 ogres
  A crocodile (Lair:8)
  A brain worm (D:10)
  3 mummies (Tomb:1)
46 creatures vanquished.

Vanquished Creatures (others)
  Boris (Vaults:5)
  3 stone giants
  Nessos (D:12)
  6 yaktaur captains
  A hydra (Swamp:4)
  An entropy weaver (Vaults:5)
  A wizard (Lair:8)
  8 yaktaurs
  2 guardian mummies
  A two-headed ogre (Vaults:3)
  A hydra skeleton (Abyss:2)
  5 flying skulls
  2 neqoxecs (Pan)
  A swamp worm (Swamp:4)
  A slave (D:5)
  A swamp drake (Swamp:4)
  A centaur (D:15)
  An iguana (D:12)
  2 mummies
  An orc (Depths:3)
  29 fungi
  3 lost souls (Crypt:3)
  A lurking horror (Abyss:5)
  7 plants
  6 starspawn tentacles
  43 starspawn tentacle segments
  3 tentacles (Abyss:5)
  102 tentacle segments (Abyss:5)
235 creatures vanquished.

Grand Total: 2157 creatures vanquished

Notes
Turn   | Place    | Note
--------------------------------------------------------------
     0 | D:1      | 4thArraOfDagon the Vine Stalker Berserker began the quest for the Orb.
     0 | D:1      | Reached XP level 1. HP: 11/11 MP: 2/2
   101 | D:3      | Reached skill level 3 in Axes
   101 | D:3      | Reached XP level 2. HP: 8/16 MP: 1/3
   155 | D:4      | Noticed Blork the orc
   158 | D:4      | Noticed an ogre
   172 | D:4      | Killed Blork the orc
   172 | D:4      | Reached ** piety under Trog
   172 | D:4      | Reached XP level 3. HP: 2/20 MP: 0/4
   172 | D:4      | Reached XP level 4. HP: 2/24 MP: 0/5
   174 | D:4      | Killed an ogre
   174 | D:4      | Reached skill level 4 in Axes
   174 | D:4      | Reached XP level 5. HP: 2/29 MP: 6/6
   222 | D:4      | Found a sand-covered staircase.
   240 | Ossuary  | Entered an ossuary
   269 | Ossuary  | Gained mutation: You heal very quickly. [Vine Stalker growth]
   269 | Ossuary  | Reached XP level 6. HP: 31/33 MP: 5/7
   565 | D:3      | Found a sacrificial altar of Ru.
   658 | D:5      | Entered Level 5 of the Dungeon
   682 | D:5      | Reached skill level 5 in Axes
   724 | D:5      | Found Gewubau's Weapon Shop.
   894 | D:5      | Found a shattered altar of Ashenzari.
   896 | D:5      | Found a shadowy altar of Dithmenos.
   897 | D:5      | Found a shimmering altar of Xom.
   908 | D:5      | Got a steaming dagger
   915 | D:5      | Identified the +2 dagger "Gauhy" {freeze, rF+ Str+2 Int+7} (You found it on level 5 of the Dungeon)
   929 | D:5      | Noticed Pikel
   943 | D:5      | Killed Pikel
   943 | D:5      | Reached skill level 6 in Axes
   943 | D:5      | Reached XP level 7. HP: 38/38 MP: 5/8
   943 | D:5      | Gained mutation: You have razor-sharp teeth. [Vine Stalker growth]
   943 | D:5      | Reached XP level 8. HP: 42/42 MP: 5/9
   953 | D:5      | Found an opulent altar of Gozag.
   979 | D:4      | Noticed a phantom
   997 | D:4      | Killed a phantom
  1092 | D:7      | Reached skill level 5 in Fighting
  1172 | D:8      | Reached skill level 7 in Axes
  1172 | D:8      | Reached skill level 1 in Evocations
  1252 | D:8      | Found a glowing golden altar of the Shining One.
  1306 | D:8      | Found Lavumu's Jewellery Shoppe.
  1368 | D:9      | Reached XP level 9. HP: 46/47 MP: 11/11
  1405 | D:9      | Found a glowing silver altar of Zin.
  1419 | D:8      | Reached *** piety under Trog
  1451 | D:9      | Found a deep blue altar of Sif Muna.
  1472 | D:10     | Entered Level 10 of the Dungeon
  1491 | D:9      | Found a basalt altar of Yredelemnul.
  1542 | D:10     | Noticed a kobold demonologist
  1543 | D:10     | Noticed a kobold demonologist
  1543 | D:10     | Noticed a kobold demonologist
  1563 | D:9      | Noticed an elephant
  1581 | D:9      | Killed an elephant
  1581 | D:9      | Reached skill level 5 in Armour
  1583 | D:9      | Reached skill level 8 in Axes
  1621 | D:9      | Found a staircase to the Lair.
  1690 | D:10     | Noticed a centaur skeleton
  1764 | D:11     | Found a staircase to the Orcish Mines.
  1776 | Orc:1    | Entered Level 1 of the Orcish Mines
  1783 | Orc:1    | Noticed Erica
  1863 | Orc:1    | Killed Erica
  1863 | Orc:1    | Reached XP level 10. HP: 53/53 MP: 12/14
  1868 | Orc:1    | Reached skill level 9 in Axes
  1905 | Orc:1    | Noticed an orc sorcerer
  1913 | Orc:1    | Noticed a sun demon
  1915 | Orc:1    | Killed an orc sorcerer
  1988 | Orc:1    | Received a gift from Trog
  2220 | Orc:1    | Found Duocop's Book Boutique.
  2298 | Orc:1    | Reached **** piety under Trog
  2654 | Orc:2    | Found a bloodstained altar of Trog.
  2698 | Orc:3    | Found a staircase to the Elven Halls.
  2853 | Orc:3    | Found a roughly hewn altar of Beogh.
  2957 | Orc:4    | Entered Level 4 of the Orcish Mines
  2976 | Orc:4    | Reached skill level 10 in Axes
  2976 | Orc:4    | Reached skill level 5 in Evocations
  3100 | Orc:4    | Found a dark tunnel.
  3105 | Volcano  | Entered a volcano
  3118 | Volcano  | Noticed a manticore
  3134 | Volcano  | Killed a manticore
  3134 | Volcano  | Reached XP level 11. HP: 58/58 MP: 15/15
  3324 | Orc:4    | Noticed an ettin
  3569 | Orc:4    | Killed an ettin
  3871 | Orc:4    | Reached ***** piety under Trog
  3958 | Orc:4    | Found a roughly hewn altar of Beogh.
  4170 | D:10     | Noticed Maud
  4203 | D:10     | Killed Maud
  4207 | D:10     | Noticed a hill giant
  4214 | D:10     | Killed a hill giant
  4217 | D:10     | Killed a kobold demonologist
  4271 | D:10     | Noticed a sun demon
  4310 | D:10     | Killed a centaur skeleton
  4411 | D:8      | Bought the ring "Hataly" {+Fly Int-2 Dex+6 Slay+6} for 697 gold pieces
  4411 | D:8      | Bought the amulet "Enoj Qek" {rCorr rN+ Str+2 Dex+4 Slay+3} for 676 gold pieces
  4411 | D:8      | Bought an uncursed ring of poison resistance for 240 gold pieces
  4467 | D:9      | Reached skill level 11 in Axes
  4515 | Lair:1   | Entered Level 1 of the Lair of Beasts
  4686 | Lair:3   | Gained mutation: You have large cloven feet. [potion of beneficial mutation]
  4744 | Lair:4   | Identified the Almanac of Poisoning
  4821 | Lair:5   | Gained mutation: You regenerate. [Vine Stalker growth]
  4821 | Lair:5   | Reached XP level 12. HP: 65/65 MP: 17/17
  4851 | Lair:5   | Noticed an eight-headed hydra
  4858 | Lair:5   | Killed a five-headed hydra
  4867 | Lair:5   | Noticed a lindwurm
  4873 | Lair:5   | Killed a lindwurm
  4932 | Lair:5   | Reached skill level 12 in Axes
  5012 | Lair:5   | Noticed an anaconda
  5018 | Lair:5   | Killed an anaconda
  5022 | Lair:5   | Received a gift from Trog
  5270 | Lair:6   | Reached XP level 13. HP: 64/70 MP: 18/18
  5325 | Lair:6   | Found a staircase to the Slime Pits.
  5325 | Lair:6   | Noticed a six-headed hydra
  5331 | Lair:6   | Killed a three-headed hydra
  5488 | Lair:8   | Entered Level 8 of the Lair of Beasts
  5523 | Lair:8   | Reached skill level 13 in Axes
  5530 | Lair:8   | Reached skill level 10 in Fighting
  5530 | Lair:8   | Reached skill level 5 in Dodging
  5569 | Lair:8   | Noticed Snorg
  5579 | Lair:8   | Killed Snorg
  5676 | Lair:8   | Identified a +0 rod of clouds (13/13) (You found it on level 5 of the Lair of Beasts)
  5776 | Lair:8   | Paralysed by a wizard for 5 turns
  5789 | Lair:8   | Found a burning altar of Makhleb.
  5873 | Lair:8   | Reached XP level 14. HP: 71/77 MP: 19/19
  5901 | Lair:8   | Reached skill level 14 in Axes
  5903 | Lair:8   | Found a gateway to Hell.
  6259 | Lair:4   | Found a hole to the Spider Nest.
  6276 | Spider:1 | Entered Level 1 of the Spider Nest
  6303 | Spider:1 | Reached skill level 10 in Armour
  6366 | Spider:2 | Noticed an emperor scorpion
  6380 | Spider:2 | Killed an emperor scorpion
  6433 | Spider:3 | Received a gift from Trog
  6588 | Spider:4 | Entered Level 4 of the Spider Nest
  6852 | Spider:4 | Reached skill level 1 in Shields
  6995 | Spider:4 | Received a gift from Trog
  7021 | Spider:4 | Reached XP level 15. HP: 83/83 MP: 20/20
  7028 | Spider:4 | Noticed an emperor scorpion
  7055 | Spider:4 | Killed an emperor scorpion
  7096 | Spider:4 | Reached skill level 15 in Axes
  7108 | Spider:4 | Noticed an emperor scorpion
  7132 | Spider:4 | Killed an emperor scorpion
  7231 | Spider:4 | Noticed an emperor scorpion
  7244 | Spider:4 | Killed an emperor scorpion
  7269 | Spider:4 | Killed a ghost moth
  7273 | Spider:4 | Killed a ghost moth
  7274 | Spider:4 | Killed a ghost moth
  7286 | Spider:4 | Killed a ghost moth
  7328 | Spider:4 | Got a gossamer rune of Zot
  7416 | Spider:2 | Noticed Donald
  7431 | Spider:2 | Killed Donald
  7510 | Spider:1 | Received a gift from Trog
  7737 | Lair:3   | Found a staircase to the Swamp.
  7754 | Swamp:1  | Entered Level 1 of the Swamp
  8076 | Swamp:3  | Reached skill level 5 in Shields
  8129 | Swamp:4  | Entered Level 4 of the Swamp
  8272 | Swamp:4  | Reached XP level 16. HP: 80/88 MP: 19/21
  8286 | Swamp:4  | Got an ancient scale mail
  8312 | Swamp:4  | Noticed Aizul
  8325 | Swamp:4  | Killed Aizul
  8333 | Swamp:4  | Noticed Mara
  8334 | Swamp:4  | Noticed 4thArraOfDagon's illusion
  8343 | Swamp:4  | Noticed Kirke
  8415 | Swamp:4  | Killed Kirke
  8425 | Swamp:4  | Killed Mara
  8491 | Swamp:4  | Reached skill level 16 in Axes
  8511 | Swamp:4  | Identified the +5 scale mail "Arocab" {Regen+} (You found it on level 4 of the Swamp)
  8556 | Swamp:4  | Got a decaying rune of Zot
  8752 | Slime:1  | Entered Level 1 of the Pits of Slime
  8821 | Slime:3  | Noticed an acid blob
  8827 | Slime:3  | Killed an acid blob
  8839 | Slime:3  | Noticed an acid blob
  8884 | Slime:3  | Killed an acid blob
  8907 | Slime:4  | Noticed an acid blob
  8907 | Slime:4  | Received a gift from Trog
  8909 | Slime:4  | Noticed an acid blob
  8916 | Slime:4  | Killed an acid blob
  8920 | Slime:4  | Killed an acid blob
  8924 | Slime:4  | Noticed an acid blob
  8990 | Slime:4  | Noticed Dissolution
  8996 | Slime:3  | Killed Dissolution
  8996 | Slime:3  | Reached XP level 17. HP: 83/94 MP: 12/22
  8998 | Slime:3  | Killed an acid blob
  9114 | Slime:6  | Entered Level 6 of the Pits of Slime
  9158 | Slime:6  | Noticed the royal jelly
  9170 | Slime:6  | Killed the royal jelly
  9200 | Slime:6  | Reached skill level 17 in Axes
  9222 | Slime:6  | Identified Taoxajye's Disquisition on Flying Boosts
  9333 | Slime:6  | Got a slimy rune of Zot
  9713 | D:5      | Bought the +8 mithril axe "Arga" {speed, MR+ Str+2} for 825 gold pieces
  9823 | D:8      | Bought an uncursed amulet of resist mutation for 480 gold pieces
 10038 | D:12     | Noticed Nessos
 10045 | D:12     | Killed Nessos
 10095 | D:12     | Noticed Erolcha
 10103 | D:12     | Killed Erolcha
 10156 | D:13     | Noticed Frances
 10168 | D:13     | Killed Frances
 10168 | D:13     | Received a gift from Trog
 10305 | D:14     | FUCK
 10568 | D:14     | Found a gate to the Vaults.
 10574 | Vaults:1 | Entered Level 1 of the Vaults
 10594 | Vaults:1 | You fall through a shaft!
 10638 | Vaults:2 | Reached XP level 18. HP: 87/99 MP: 23/23
 10685 | Vaults:2 | Reached skill level 10 in Shields
 10700 | Vaults:2 | Found a staircase to the Crypt.
 11010 | Vaults:2 | Reached skill level 10 in Dodging
 11064 | Vaults:2 | Paralysed by a giant eyeball for 2 turns
 11188 | Vaults:2 | Received a gift from Trog
 11316 | Vaults:3 | Found Fodo's General Store.
 11332 | Vaults:3 | Bought a potion of might for 60 gold pieces
 11472 | Vaults:3 | Reached XP level 19. HP: 85/105 MP: 24/24
 11542 | Vaults:3 | Found Pigug's Antique Armour Emporium.
 11590 | Vaults:3 | Found Mevoariq's Armour Shop.
 11649 | Vaults:4 | Reached skill level 18 in Axes
 11746 | Vaults:4 | Reached ****** piety under Trog
 11766 | Vaults:5 | Entered Level 5 of the Vaults
 11919 | Vaults:5 | Received a gift from Trog
 11944 | Vaults:5 | Reached XP level 20. HP: 72/111 MP: 23/25
 12079 | Vaults:5 | Noticed an ancient lich
 12185 | Vaults:5 | Killed an ancient lich
 12327 | Vaults:5 | Reached skill level 15 in Armour
 12334 | Vaults:5 | Received a gift from Trog
 12336 | Vaults:5 | Noticed Boris
 12405 | Vaults:5 | Killed Boris
 12511 | Vaults:5 | Found Yteone's Antique Armour Shoppe.
 12522 | Vaults:5 | Bought a glowing hat for 180 gold pieces
 12579 | Vaults:5 | Reached XP level 21. HP: 114/116 MP: 26/26
 12593 | Vaults:5 | Found Hocug's Gadget Shop.
 12594 | Vaults:5 | Found Xateasch's Gadget Shoppe.
 12606 | Vaults:5 | Bought a wand of teleportation (6) for 540 gold pieces
 12700 | Vaults:5 | Found Owuakh's Magic Scroll Boutique.
 12700 | Vaults:5 | Found Huvul's Food Shoppe.
 12703 | Vaults:5 | Found Hicyrph's Food Emporium.
 12711 | Vaults:5 | Found Rafa's Food Shoppe.
 12711 | Vaults:5 | Found Ikumaan's Distillery.
 12714 | Vaults:5 | Found Tohyodd's Distillery.
 12723 | Vaults:5 | Found Cozxadgh's Food Emporium.
 12734 | Vaults:5 | Found Fyal's Magic Scroll Shop.
 12746 | Vaults:5 | Reached skill level 15 in Fighting
 12843 | Vaults:5 | Got a silver rune of Zot
 12981 | Vaults:5 | Bought a scroll of teleportation for 42 gold pieces
 12981 | Vaults:5 | Bought a scroll of teleportation for 42 gold pieces
 12981 | Vaults:5 | Bought a scroll of teleportation for 42 gold pieces
 12981 | Vaults:5 | Bought a scroll of blinking for 105 gold pieces
 12981 | Vaults:5 | Bought a scroll of identify for 28 gold pieces
 13017 | Vaults:5 | Bought a potion of might for 72 gold pieces
 13017 | Vaults:5 | Bought a potion of curing for 54 gold pieces
 13017 | Vaults:5 | Bought a potion of curing for 54 gold pieces
 13032 | Vaults:5 | Bought a scroll of teleportation for 60 gold pieces
 13032 | Vaults:5 | Bought a scroll of recharging for 190 gold pieces
 13032 | Vaults:5 | Bought a scroll of recharging for 190 gold pieces
 13032 | Vaults:5 | Bought a scroll of identify for 40 gold pieces
 13032 | Vaults:5 | Bought a scroll of identify for 40 gold pieces
 13032 | Vaults:5 | Bought a scroll of identify for 40 gold pieces
 13287 | Crypt:1  | Entered Level 1 of the Crypt
 13397 | Crypt:3  | Entered Level 3 of the Crypt
 13463 | Crypt:3  | Received a gift from Trog
 13467 | Crypt:3  | Got a fine golden amulet
 13469 | Crypt:3  | Identified the amulet of the Suburbs {Ward rF+ rN+} (You found it on level 3 of the Crypt)
 13473 | Crypt:3  | Got a glittering turquoise ring
 13475 | Crypt:3  | Identified the ring "Pogguez" {*Confuse rN+ Dex+2 SInv Stlth+} (You found it on level 3 of the Crypt)
 13478 | Crypt:3  | Got a wavering silver ring
 13479 | Crypt:3  | Identified the ring "Gewaidd" {rC+ rN+ Dex+3 Slay+2} (You found it on level 3 of the Crypt)
 13556 | Crypt:3  | Reached skill level 15 in Shields
 13652 | Crypt:3  | Found a staircase to the Tomb.
 13681 | Tomb:1   | Entered Level 1 of the Tomb of the Ancients
 13827 | Tomb:1   | Noticed a greater mummy
 13836 | Tomb:1   | Noticed a greater mummy
 13846 | Tomb:1   | Killed a greater mummy
 13857 | Tomb:1   | Killed a greater mummy
 13876 | Tomb:1   | Noticed an ancient lich
 13893 | Tomb:1   | Killed an ancient lich
 13893 | Tomb:1   | Reached XP level 22. HP: 83/123 MP: 23/27
 14054 | Tomb:2   | Noticed a greater mummy
 14054 | Tomb:2   | Noticed a greater mummy
 14063 | Tomb:2   | Noticed an ancient lich
 14119 | Tomb:2   | Noticed a greater mummy
 14136 | Tomb:2   | Killed a greater mummy
 14189 | Tomb:2   | rly
 14215 | Tomb:3   | Entered Level 3 of the Tomb of the Ancients
 14237 | Tomb:3   | Noticed an ancient lich
 14241 | Tomb:3   | Noticed a greater mummy
 14246 | Tomb:3   | Noticed a greater mummy
 14253 | Tomb:3   | Noticed a greater mummy
 14260 | Tomb:2   | Killed an ancient lich
 14320 | Tomb:3   | Killed a greater mummy
 14328 | Tomb:2   | Killed a greater mummy
 14415 | Tomb:3   | Killed a greater mummy
 14476 | Tomb:3   | Noticed a greater mummy
 14491 | Tomb:3   | Killed a greater mummy
 14508 | Tomb:3   | Noticed Frederick
 14515 | Tomb:3   | Killed Frederick
 14540 | Tomb:3   | Got a fine copper ring
 14542 | Tomb:3   | Identified the ring of the Leaf {Ice Str+2 Stlth+} (You found it on level 3 of the Tomb of the Ancients)
 14554 | Tomb:3   | :(
 14585 | Tomb:3   | Noticed a greater mummy
 14592 | Tomb:3   | Noticed a greater mummy
 14593 | Tomb:3   | HP: 6/126 [bennu (10)]
 14653 | Tomb:3   | Killed a greater mummy
 14705 | Tomb:3   | Killed a greater mummy
 14743 | Tomb:3   | Noticed a greater mummy
 14743 | Tomb:3   | Noticed an ancient lich
 14748 | Tomb:3   | Reached XP level 23. HP: 79/130 MP: 28/28
 14757 | Tomb:3   | Killed an ancient lich
 14766 | Tomb:3   | Killed a greater mummy
 14796 | Tomb:3   | Got a golden rune of Zot
 14814 | Tomb:3   | no tele ring
 14814 | Tomb:3   | RIP
 14890 | Tomb:1   | Noticed a greater mummy
 14890 | Tomb:1   | Noticed a greater mummy
 14968 | Tomb:1   | Noticed Boris
 14986 | Tomb:1   | Killed Boris
 15121 | Crypt:2  | Noticed Jory
 15337 | D:15     | Entered Level 15 of the Dungeon
 15409 | D:15     | Found a staircase to the Depths.
 15414 | Depths:1 | Entered Level 1 of the Depths
 15562 | Depths:3 | Noticed Mennas
 15578 | Depths:3 | Killed Mennas
 15655 | Depths:3 | Noticed Saint Roka
 15661 | Depths:3 | Reached skill level 15 in Dodging
 15670 | Depths:3 | Killed Saint Roka
 15860 | Depths:3 | Found a one-way gate leading to the halls of Pandemonium.
 15869 | Pan      | Entered Pandemonium
 15883 | Pan      | Noticed Voigoul the pandemonium lord
 15903 | Pan      | Killed Voigoul the pandemonium lord
 15903 | Pan      | Reached XP level 24. HP: 104/137 MP: 28/28
 16085 | Pan      | Noticed Plog the pandemonium lord
 16098 | Pan      | Killed Plog the pandemonium lord
 16127 | Pan      | Got a demonic rune of Zot
 16429 | Pan      | Received a gift from Trog
 16541 | Pan      | Identified a scroll of acquirement
 16542 | Pan      | Got an ancient cloak
 16553 | Pan      | Identified the +0 cloak of the Spheres {rElec rPois MR- Int+3} (You acquired it in Pandemonium)
 16670 | Pan      | Found an exit through the horrors of the Abyss.
 16679 | Pan      | Took an exit into the Abyss.
 16679 | Abyss:1  | Escaped into the Abyss
 17336 | Abyss:5  | Entered Level 5 of the Abyss
 17398 | Abyss:5  | Gained mutation: Your magical capacity is low (-10% MP). [a neqoxec]
 17500 | Abyss:5  | Paralysed by accursed screaming for 1 turns
 17577 | Abyss:5  | Gained mutation: You occasionally shout uncontrollably at your foes. [a neqoxec]
 17581 | Abyss:5  | Gained mutation: Armour fits poorly on your strangely shaped body. [a neqoxec]
 17654 | Abyss:5  | Received a gift from Trog
 17672 | Abyss:5  | Found a deep blue altar of Sif Muna.
 17688 | Abyss:5  | Found a deep blue altar of Sif Muna.
 17758 | Abyss:5  | Reached XP level 25. HP: 89/144 MP: 25/25
 17983 | Abyss:5  | Paralysed by accursed screaming for 1 turns
 18063 | Abyss:5  | Reached skill level 19 in Fighting
 18064 | Abyss:5  | Paralysed by accursed screaming for 1 turns
 18205 | Abyss:5  | Got an abyssal rune of Zot
 18239 | Depths:3 | Escaped the Abyss
 18241 | Pan      | Entered Pandemonium
 18396 | Pan      | Found an exit through the horrors of the Abyss.
 18681 | Pan      | Noticed Xaolec the pandemonium lord
 18698 | Pan      | Killed Xaolec the pandemonium lord
 18789 | Pan      | Found an exit through the horrors of the Abyss.
 18825 | Pan      | Noticed Quhoq the pandemonium lord
 18880 | Pan      | Gained mutation: You are dopey. (Int -2) [a neqoxec]
 18926 | Pan      | Killed Quhoq the pandemonium lord
 19133 | Pan      | Noticed Joaty the pandemonium lord
 19139 | Pan      | Found an exit through the horrors of the Abyss.
 19272 | Pan      | Killed Joaty the pandemonium lord
 19284 | Pan      | Found an exit through the horrors of the Abyss.
 19312 | Pan      | Got a glittering silver ring
 19314 | Pan      | Identified the ring of Cupieh {*Contam rPois Int+3 Slay+3 SInv} (You acquired it in Pandemonium)
 19426 | Pan      | Found an exit through the horrors of the Abyss.
 19639 | Pan      | Found an exit through the horrors of the Abyss.
 19649 | Pan      | Reached XP level 26. HP: 108/151 MP: 24/25
 19793 | Pan      | Noticed Wiron the pandemonium lord
 19796 | Pan      | Received a gift from Trog
 19867 | Pan      | Entered the realm of Cerebov.
 19964 | Pan      | Noticed Cerebov
 20017 | Pan      | Identified the +6 Sword of Cerebov {flame}
 20017 | Pan      | Annihilated by Cerebov

Action                   |  1- 3 |  4- 6 |  7- 9 | 10-12 | 13-15 | 16-18 | 19-21 | 22-24 | 25-27 || total
-------------------------+-------+-------+-------+-------+-------+-------+-------+-------+-------++-------
Melee: Hand axe          |    25 |    88 |    52 |       |       |       |       |       |       ||   165
       War axe           |       |       |    82 |   169 |       |       |       |       |       ||   251
       Broad axe         |       |       |       |   235 |   499 |   561 |   620 |   982 |   561 ||  3458
Invok: Berserk           |     3 |     5 |     8 |    18 |     8 |     6 |     6 |     6 |       ||    60
       Trog's Hand       |       |       |     4 |    11 |    13 |    16 |    22 |    23 |    11 ||   100
       Brothers in Arms  |       |       |       |     4 |     7 |    12 |     8 |     1 |       ||    32
Evoke: Wand              |       |       |     2 |     3 |       |     6 |       |    13 |     3 ||    27
       Stone of tremors  |       |       |       |       |     1 |       |       |       |       ||     1
       Fan of gales      |       |       |       |       |       |       |       |     1 |       ||     1
  Use: Scroll            |       |     1 |    10 |     6 |     9 |    12 |     8 |    19 |     9 ||    74
       Potion            |       |       |       |     1 |     5 |     2 |     1 |     4 |     6 ||    19
 Stab: Sleeping          |     2 |       |       |       |       |       |       |       |       ||     2
       Distracted        |       |       |       |       |       |     1 |     1 |     3 |       ||     5
  Eat: Chunk             |       |     8 |    12 |    33 |    10 |       |    12 |     5 |       ||    80
       Beef jerky        |       |       |       |       |     1 |     4 |       |     2 |       ||     7
       Royal jelly       |       |       |       |       |     1 |     1 |       |     1 |       ||     3
       Fruit             |       |       |       |       |    14 |     6 |       |     7 |     6 ||    33
       Pizza             |       |       |       |       |       |     5 |     2 |     1 |       ||     8
       Bread ration      |       |       |       |       |       |       |       |     3 |     1 ||     4
